 Dungeon Crawl Stone Soup version 0.31-a0-431-g88bdf31460 (webtiles) character file.

Game seed: 2179589997918802342

6365 drugrobin the Cleaver (level 10, -3/74 HPs)
             Began as a Demigod Delver on Aug 1, 2023.
             Slain by a yak (12 damage)
             ... on level 8 of the Dungeon.
             The game lasted 00:26:49 (9226 turns).

drugrobin the Cleaver (Demigod Delver)              Turns: 9226, Time: 00:26:50

Health: -3/74      AC: 22    Str: 25    XL:     10   Next: 38%
Magic:  13/13      EV: 13    Int: 12    God:
Gold:   364        SH:  7    Dex: 15    Spells: 8/9 levels left

rFire   . . .        a - +3 war axe
rCold   . . .        A - +0 kite shield
rNeg    . . .        I - +3 chain mail
rPois   .            z - +1 helmet
rElec   .            H - +0 cloak
rCorr   .            x - +0 pair of gloves
SInv    .            o - +0 pair of boots
Will    +....        (no amulet) Stlth
                     (no ring)
HPRegen 0.32/turn    C - +5 ring of evasion
MPRegen 0.13/turn

%: no passive effects
@: studying Armour
A: high MP 1, forlorn, divine attributes
a: no special abilities


You were on level 8 of the Dungeon.
You visited 1 branch of the dungeon, and saw 9 of its levels.

You collected 405 gold pieces.
You spent 41 gold pieces at shops.

Inventory:

Hand Weapons
 a - a +3 war axe (weapon)
 b - a +0 sling
 c - a +2 dagger of venom
Missiles
 t - 12 poisoned darts
 u - 6 boomerangs (quivered)
Armour
 o - a +0 pair of boots (worn)
 x - a +0 pair of gloves (worn)
 z - a +1 helmet (worn)
 A - a +0 kite shield (worn)
 G - a +0 ring mail of fire resistance
 H - a +0 cloak (worn)
 I - a +3 chain mail (worn)
Jewellery
 s - a ring of fire
 C - a +5 ring of evasion (right hand)
Wands
 g - a wand of digging (3)
Scrolls
 d - a scroll of revelation
 e - 2 scrolls of vulnerability {unknown}
 i - a scroll of blinking {unknown}
 j - 2 scrolls of enchant weapon {unknown}
 m - 2 scrolls of enchant armour {unknown}
 n - 7 scrolls of identify {unknown}
 q - a scroll of teleportation {unknown}
 y - 2 scrolls of noise {unknown}
 B - 2 scrolls of butterflies {unknown}
 D - 2 scrolls of amnesia {unknown}
 J - 2 scrolls of fog
Potions
 f - 2 potions of haste
 h - 5 potions of might {unknown}
 k - 2 potions of enlightenment {unknown}
 l - a potion of curing {unknown}
 p - 4 potions of resistance {unknown}
 r - a potion of lignification {unknown}
 v - a potion of brilliance {unknown}
 w - 3 potions of heal wounds {unknown}
 E - a potion of berserk rage {unknown}
 F - a potion of degeneration {unknown}


   Skills:
 - Level 2.6 Fighting
 + Level 12.3 Axes
 + Level 12.0 Armour
 - Level 1.7 Dodging
 - Level 4.5 Stealth


You had 8 spell levels left.
You knew the following spells:

 Your Spells              Type           Power      Damage    Failure   Level
a - Summon Small Mammal   Summ           0%         N/A       96%         1

Your spell library contained the following spells:

 Spells                   Type           Power      Damage    Failure   Level
 Kiss of Death            Conj/Necr      0%         2d5       96%         1
 Sublimation of Blood     Necr           0%         N/A       99%         2
 Call Canine Familiar     Summ           0%         N/A       100%        3
 Confusing Touch          Hex            0%         N/A       100%        3
 Summon Guardian Golem    Hex/Summ       0%         N/A       100%        3
 Dispel Undead            Necr           0%         3d6       100%        4
 Petrify                  Tmut/Erth      0%         N/A       100%        4
 Irradiate                Conj/Tmut      0%         3d11      100%        5


Dungeon Overview and Level Annotations

Branches:
Dungeon (9/15)             Temple (0/1) D:7            Lair (0/5) D:8
    Orc: D:9-12

Shops:
D:6 (*


Innate Abilities, Weirdness & Mutations

You have an increased reservoir of magic. (+10% MP)
You shall have no god before yourself.
Your divine heritage dramatically boosts your attributes as you level up.


Message History

The orc priest mumbles some strange prayers to Beogh against you.
Beogh smites you!
Unknown command.
Unknown command.
You hit the orc wizard.
The orc wizard is severely wounded.
The orc priest invokes the aid of Beogh against you.
Beogh smites you!
The orc wizard points at you and mumbles some strange words.
You easily resist.
The wight closely misses you.
The orc priest invokes the aid of Beogh against you.
Beogh smites you!
* * * LOW HITPOINT WARNING * * *
Unknown command.
Unknown command.
Unknown command.
You block the wight's attack. You block the yak's attack.
The orc wizard closely misses you.
You climb upwards.
There is a stone staircase leading down, spattered with blood here.
Unknown command.
You slash the orc wizard!
You kill the orc wizard!
You barely miss the yak. The yak gores you.
* * * LOW HITPOINT WARNING * * *
Unknown command.
Unknown command.
Okay, then.
Okay, then.
You slash the yak!
The yak is moderately wounded.
The yak gores you!
* * * LOW HITPOINT WARNING * * *
Unknown command.
Unknown command.
Unknown command.
You hit the yak.
The yak is moderately wounded.
The yak gores you!
You die...

####.##)#.#.###.#.#(#
#.(..........#..##
####.#.###.###.## ###
#.#.# ##.^..# ..#
#.#.# ####.# ..#
#.#.# #.# ..#####.#.#
#.#
....÷.....#######Y#
..#####........)@[#
.(#####...#########
..........#
#.######..####
#<###........###
#...#.~~...⌠...#
..#...~≈~~...#.#
#.##..~≈≈~..##.#
#.##.~~≈~~..##.#


You could see a yak.

Vanquished Creatures
  Prince Ribbit (D:6)
  Sigmund (D:5)
  13 yaks
  A wyvern (D:8)
  2 basilisks (D:8)
  2 steam dragons
  An orc warrior (D:7)
  4 water moccasins (D:8)
  2 ice beasts
  5 black bears
  3 ogres
  A sky beast (D:6)
  2 centaurs (D:6)
  2 bullfrogs (D:8)
  3 scorpions
  9 wights
  4 howler monkeys
  4 hounds
  7 orc priests
  A gnoll bouda (D:7)
  3 sleepcaps
  Crazy Yiuf (D:7)
  4 iguanas
  3 orc wizards
  8 gnolls
  6 adders
  A white imp (D:5)
  2 worms
  A dart slug (D:4)
  24 orcs
  4 bats
  12 endoplasms
  A giant cockroach (D:4)
  10 goblins
  4 hobgoblins
  4 jackals
  8 kobolds
  4 quokkas
  10 ball pythons
  3 frilled lizards
  4 rats
185 creatures vanquished.

Vanquished Creatures (others)
  An adder (D:4)
  An orc (D:7)
2 creatures vanquished.

Grand Total: 187 creatures vanquished

Notes
Turn   | Place    | Note
-------+----------+-------------------------------------------
     0 | D:5      | drugrobin the Demigod Delver began the quest for the Orb.
     0 | D:5      | Reached XP level 1. HP: 18/18 MP: 3/3
    25 | D:5      | Noticed an ogre
    67 | D:4      | Noticed a scorpion
   338 | D:2      | Reached XP level 2. HP: 19/25 MP: 4/4
   746 | D:1      | Reached XP level 3. HP: 30/30 MP: 5/5
  1932 | D:3      | Learned a level 1 spell: Summon Small Mammal
  2094 | D:3      | Reached XP level 4. HP: 36/37 MP: 6/6
  2950 | D:4      | Reached skill level 5 in Axes
  2961 | D:4      | Reached XP level 5. HP: 29/42 MP: 7/7
  3454 | D:4      | Noticed a black bear
  3464 | D:4      | Killed a black bear
  3465 | D:4      | Reached XP level 6. HP: 39/50 MP: 8/8
  4192 | D:4      | Reached XP level 7. HP: 37/56 MP: 9/9
  4608 | D:5      | Noticed Sigmund
  4648 | D:6      | Found Faleguawno's Weapon Boutique.
  4832 | D:6      | Identified the +7 rapier "Wohosex" {freeze, Dex+2}
  4957 | D:6      | Reached skill level 1 in Armour
  4957 | D:6      | Reached XP level 8. HP: 14/62 MP: 10/10
  5497 | D:5      | Killed Sigmund
  5886 | D:6      | Bought 2 poisoned darts for 16 gold pieces
  5886 | D:6      | Bought 3 poisoned darts for 25 gold pieces
  5942 | D:6      | Noticed Prince Ribbit
  5958 | D:6      | Killed Prince Ribbit
  5959 | D:6      | Reached skill level 5 in Armour
  6201 | D:6      | Found Zeenuex's Lightly-Used Armoury.
  6252 | D:6      | Reached skill level 10 in Axes
  6750 | D:7      | Reached XP level 9. HP: 68/68 MP: 11/11
  6877 | D:7      | Found a staircase to the Ecumenical Temple.
  7189 | D:7      | Found a runed translucent door.
  7190 | D:7      | Noticed Crazy Yiuf
  7198 | D:7      | Killed Crazy Yiuf
  8071 | D:8      | Reached skill level 10 in Armour
  8195 | D:8      | Reached XP level 10. HP: 64/74 MP: 13/13
  8229 | D:8      | Found a staircase to the Lair.
  9226 | D:8      | Slain by a yak

Illustrated notes

Levels and vault maps discovered:
D:1:      matt_arrival_grand_opening, layout_rooms,
          chequers_serial_rivers_micro_d, minmay_misc_feat_x,
          minmay_crystal_room, grunt_decor_one_mirror
D:2:      layout_loops_ring, basic_altar
D:3:      layout_basic, beargit_hepliaklqana_dungeon_heroes,
          kennysheep_small_spiral
D:4:      layout_gridville, lemuel_flame_loot_1
D:5:      layout_gridville, mainiacjoe_overflow_catch_the_wave, uniq_sigmund
D:6:      layout_gridville, mainiacjoe_overflow_tiny_flanked,
          general_overflow_altar, serial_shops, shop, minmay_shop_damaged,
          minmay_manual_mares, uniq_prince_ribbit1
D:7:      layout_loops_ring, marbit_many_paths, minmay_temple_entry_fiery,
          nicolae_underground_beach, uniq_crazy_yiuf_cottage
D:8:      layout_loops_ring, kiku_gazebo_pond_becter, minmay_lair_entry_grove,
          chequers_serial_rivers_room_b
D:9:      layout_layer_cave, xom_redecorated, fountainhead,
          nicolae_shop_sticking_my_neck_out

Skill      XL: |  1  2  3  4  5  6  7  8  9 10 |
---------------+-------------------------------+-----
Axes           | 2 3 4 5 6 7 9 10 11 12 | 12.3
Armour         | 1 7 10 12 | 12.0
Fighting       | |  2.6
Dodging        | |  1.7
Stealth        | |  4.5

Action                     |  1- 3 |  4- 6 |  7- 9 | 10-12 || total
---------------------------+-------+-------+-------+-------++-------
  Melee: Hand axe          |   195 |    94 |       |       ||   289
         Punch             |     1 |       |       |       ||     1
         Quarterstaff      |     5 |       |       |       ||     5
         War axe           |       |    49 |   288 |    91 ||   428
         Dagger            |       |       |       |     1 ||     1
   Fire: Sling             |       |     2 |       |     3 ||     5
  Throw: Dart              |       |    10 |    12 |       ||    22
         Boomerang         |       |     1 |     3 |       ||     4
   Cast: Summon Small Mamm |     1 |       |     1 |       ||     2
    Use: Scroll            |       |     1 |       |       ||     1
   Stab: Sleeping          |     7 |     1 |     3 |       ||    11
 Armour: Leather armour    |    14 |       |       |       ||    14
         Ring mail         |    67 |     2 |    32 |       ||   101
         Chain mail        |       |    81 |    64 |    38 ||   183
         Plate armour      |       |       |    21 |       ||    21
  Dodge: Dodged            |   109 |    40 |   138 |    48 ||   335
  Block: Kite shield       |       |    57 |    95 |    31 ||   183

Table legend: (Time is in decaauts)
 A = Elapsed time spent in this place.
 B = Non-inter-level travel time spent in this place.
 C = Inter-level travel time spent in this place.
 D = Time resting spent in this place.
 E = Time spent auto-exploring this place.
 F = Levels seen in this place.
 G = Mean time per level.
                   A        B        C        D        E       F      G
               +--------+--------+--------+--------+--------+-----+--------+
         Total |   9370 |   8714 |    656 |   1733 |   4547 |   9 | 1041.1 |
       Dungeon |   9370 |   8714 |    656 |   1733 |   4547 |   9 | 1041.1 |
               +--------+--------+--------+--------+--------+-----+--------+

Top non-repeatable levels by time:
     D:3: 1695 daAuts
     D:6: 1371 daAuts
     D:8: 1362 daAuts
     D:4: 1217 daAuts
     D:5: 1145 daAuts
     D:7: 1106 daAuts
     D:2: 827 daAuts
     D:1: 617 daAuts
     D:9: 27 daAuts
